 Dungeon Crawl Stone Soup version 0.20-b1 (webtiles) character file.

78 MTVSty1e the Chopper (level 4, -3/36 HPs)
             Began as a Demonspawn Gladiator on May 19, 2017.
             Slain by a white imp (4 damage)
             ... summoned by Natasha
             ... on level 2 of the Dungeon.
             The game lasted 00:02:32 (885 turns).

MTVSty1e the Chopper (Demonspawn Gladiator)          Turns: 885, Time: 00:02:32

Health: -3/36      AC:  8    Str: 15    XL:     4   Next: 15%
Magic:  4/4        EV: 12    Int: 10    God:
Gold:   105        SH:  0    Dex: 14    Spells: 3/3 levels left

rFire    . . .     SeeInvis .   a - +0 war axe
rCold    . . .     Gourm    .   (no shield)
rNeg     . . .     Faith    .   k - +0 ring mail
rPois    .         Spirit   .   c - +0 helmet
rElec    .         Reflect  .   (no cloak)
rCorr    .         Harm     .   i - +0 pair of gloves
MR       .....                  (no boots)
Stlth    ..........             (no amulet)
Regen    0.2/turn               j - ring of loudness (curse)
MPRegen  0.1/turn               (no ring)

@: no status effects
A: hooves 1, rugged brown scales 1
a: no special abilities


You were on level 2 of the Dungeon.
You were not hungry.

You visited 1 branch of the dungeon, and saw 2 of its levels.

You collected 105 gold pieces.

Inventory:

Hand Weapons
 a - a +0 war axe (weapon)
Missiles
 d - 3 throwing nets (quivered)
Armour
 b - a +0 leather armour
 c - a +0 helmet (worn)
 i - a +0 pair of gloves (worn)
 k - a +0 ring mail (worn)
Jewellery
 j - a cursed ring of loudness (left hand)
Scrolls
 l - a scroll of immolation {unknown}
 m - a scroll of remove curse {unknown}
 o - a scroll of identify {unknown}
 p - a scroll of teleportation {unknown}
Potions
 e - 3 potions of lignification {unknown}
 h - a potion of flight {unknown}
 n - a potion of berserk rage {unknown}
Comestibles
 f - 2 bread rations
 g - a meat ration
 q - 2 chunks of flesh


   Skills:
 * Level 3.1 Fighting
 + Level 3.1 Axes
 + Level 2.3 Throwing
 + Level 1.0 Armour
 + Level 3.0 Dodging


You had 3 spell levels left.
You didn't know any spells.

Dungeon Overview and Level Annotations

Branches:
Dungeon (2/15)

Altars:

Annotations:
D:2 Natasha


Innate Abilities, Weirdness & Mutations

You have large cloven feet.
You are partially covered in rugged brown scales. (AC +1, +3% HP)


Message History

You are too injured to fight recklessly!
You are too injured to fight recklessly!
You closely miss Natasha. Your kick misses Natasha.
Natasha is severely wounded.
You hit the white imp. Natasha barely misses you.
The white imp summons a swarm of flies.
The white imp hits you. The white imp freezes you.
Natasha stares at you and mumbles some strange words.
The magic dart hits you!
* * * LOW HITPOINT WARNING * * *
You closely miss Natasha.
Natasha is severely wounded.
You hit the white imp but do no damage.
The white imp hits you but does no damage.
Natasha claws you.
* * * LOW HITPOINT WARNING * * *
The white imp hits you.
* * * LOW HITPOINT WARNING * * *
The white imp freezes you.
You die...

≈≈≈≈≈≈≈≈# ##.# #.##.
≈≈≈≈≈≈≈≈≈≈# #..# #.##.
≈≈≈♣≈≈≈≈..# #..####....
≈≈≈_.≈≈≈≈.### #..........
≈≈≈..≈≈≈≈...# #.#####..#.
≈≈≈≈≈≈≈≈≈≈#.# #.# #..#.
≈≈≈≈≈≈≈≈≈.#.# #.## #..#.
≈≈≈≈≈≈≈≈≈.#.###..## #..#.
.≈...(h5@.........###..#.
≈..≈?.≈.≈≈.............#.
..###.......###..####.#..
##.####.###..###..#.. #.
#.#.(..##...#.. #. ###
##......... #. #>##
####...... .. 8...8
##.#.## #.#.##


You could see Natasha and a white imp.

Vanquished Creatures
  Natasha (D:2)
  An adder (D:2)
  An ooze (D:1)
  2 leopard geckos (D:1)
  7 bats (D:1)
  3 giant cockroaches (D:1)
  4 hobgoblins (D:1)
  6 jackals (D:1)
  4 goblins (D:1)
  3 kobolds (D:1)
  5 rats (D:1)
37 creatures vanquished.

Notes
Turn   | Place    | Note
-------+----------+-------------------------------------------
     0 | D:1      | MTVSty1e the Demonspawn Gladiator began the quest for the Orb.
     0 | D:1      | Reached XP level 1. HP: 16/16 MP: 1/1
    86 | D:1      | Gained mutation: You have large cloven feet. [demonic ancestry]
    86 | D:1      | Reached XP level 2. HP: 19/22 MP: 2/2
   303 | D:1      | Reached XP level 3. HP: 28/28 MP: 3/3
   847 | D:2      | Noticed Natasha
   860 | D:2      | Killed Natasha
   860 | D:2      | Reached skill level 1 in Armour
   860 | D:2      | Gained mutation: You are partially covered in rugged brown scales. (AC +1, +3% HP) [demonic ancestry]
   860 | D:2      | Reached XP level 4. HP: 26/36 MP: 4/4
   875 | D:2      | Found a faded altar of an unknown god.
   875 | D:2      | Noticed Natasha
   885 | D:2      | HP: 1/36 [white imp[Natasha] (1)]
   885 | D:2      | Slain by a white imp

Skill      XL: |  1  2  3 |
---------------+----------+-----
Throwing       | 2 |  2.3
Axes           | 3 |  3.1
Fighting       | 3 |  3.1
Armour         | 1 |  1.0
Dodging        | 3 |  3.0

Action                   |  1- 3 |  4- 6 || total
-------------------------+-------+-------++-------
Melee: War axe           |   103 |     5 ||   108
       Kick              |    24 |     1 ||    25
  Use: Scroll            |     1 |       ||     1
Armor: Leather armour    |    41 |       ||    41
       Ring mail         |     8 |     2 ||    10
Dodge: Dodged            |   120 |     2 ||   122
